 Seeded DCSS version 0.28-a0-1387-g3a22ab9bdc (webtiles) character file.

Game seed: 20220103 (custom seed)

897 flotson the Ducker (level 7, -2/55 HPs)
             Began as a Demonspawn Gladiator on Jan 3, 2022.
             Was a Priest of Trog.
             Slain by an iguana (11 damage)
             ... on level 4 of the Dungeon.
             The game lasted 00:09:24 (4520 turns).

flotson the Ducker (Demonspawn Gladiator)           Turns: 4520, Time: 00:09:25

Health: -2/55      AC: 17    Str: 18      XL:     7   Next: 79%
Magic:  7/7        EV:  8    Int:  9 (10) God:    Trog [***...]
Gold:   232        SH:  0    Dex: 14      Spells: 6/6 levels left

rFire   + . .      SeeInvis .   a - +3 hand axe (elec)
rCold   . . .      Faith    .   (no shield)
rNeg    . . .      Spirit   .   l - +3 chain mail {Will+}
rPois   .          Reflect  .   (helmet restricted)
rElec   .          Harm     .   w - +0 cloak
rCorr   .          Rampage  .   (no gloves)
Will    +....                   B - +0 pair of boots
Stlth   ..........              (no amulet)
HPRegen 0.18/turn               (no ring)
MPRegen 0.10/turn               (no ring)

@: no status effects
A: horns 1, thin metallic scales 2, fire resistance 1, strong 1
a: Renounce Religion, Berserk, Trog's Hand


You were on level 4 of the Dungeon.
You worshipped Trog.
Trog was most pleased with you.
You visited 1 branch of the dungeon, and saw 5 of its levels.

You collected 232 gold pieces.

Inventory:

Hand Weapons
 a - a +3 hand axe of electrocution (weapon)
 b - a +1 flail of protection
 i - a +0 great mace
 m - a +0 flail
Missiles
 c - 73 sling bullets
 e - 4 poisoned darts
 v - 3 curare-tipped darts (quivered)
 y - 3 silver javelins
Armour
 l - a +3 chain mail of willpower (worn)
 w - a +0 cloak (worn)
 B - a +0 pair of boots (worn)
Jewellery
 n - a ring of fire
 o - a ring of fire
Scrolls
 f - a scroll of magic mapping {unknown}
 j - a scroll of fear {unknown}
 p - 2 scrolls of enchant weapon {unknown}
 q - a scroll of identify {unknown}
 r - a scroll of teleportation {unknown}
 t - 2 scrolls of immolation {unknown}
 u - a scroll of fog {unknown}
 x - a scroll of summoning {unknown}
 z - a scroll of holy word {unknown}
Potions
 g - a potion of degeneration
 h - a potion of attraction
 k - a potion of lignification {unknown}
 A - a potion of ambrosia {unknown}


   Skills:
 + Level 4.4 Fighting
 + Level 2.4(3.4) Axes
 - Level 3.6(4.0) Maces & Flails
 + Level 4.0 Throwing
 + Level 3.1 Armour
 + Level 4.4 Dodging


You had 6 spell levels left.
You didn't know any spells.
Your spell library was empty.

Dungeon Overview and Level Annotations

Branches:
Dungeon (5/15)
 Temple: D:4-7

Altars:
Okawaru
Qazlal
Trog
Uskayaw
Xom

Shops:
D:1 :


Innate Abilities, Weirdness & Mutations

You have a pair of small horns on your head.
You are mostly covered in thin metallic scales. (AC +3)
Your flesh is heat resistant. (rF+)
Your muscles are strong. (Str +2)


Message History

A sky beast appears from thin air!
Reactivating autopickup.
Things that are here:
a +0 hand axe; an orc corpse
Found a glaive.
The iguana hisses menacingly.
The sky beast flickers out of sight!
Deactivating autopickup; reactivate with Ctrl-A.
There is a stone staircase leading up here.
The iguana barely misses you.
A sky beast appears from thin air!
Reactivating autopickup.
You climb upwards.
There is a stone staircase leading down here.
You hit the iguana.
The iguana is moderately wounded.
The iguana bites you but does no damage.
You hit the iguana but do no damage. Your headbutt misses the iguana.
The iguana is moderately wounded.
The iguana closely misses you.
You closely miss the iguana.
The iguana is moderately wounded.
The iguana barely misses you.
You hit the iguana.
The iguana is heavily wounded.
The iguana bites you!
* * * LOW HITPOINT WARNING * * *
Throw: throwing net
Press: ? - help, Q - select action, (/) - cycle Shift-Dir - straight line, f - iguana
Aim: an iguana (heavily wounded, 66% to hit)
You throw a throwing net.
The throwing net closely misses the iguana.
The iguana barely misses you.
Unknown command.
Throw: 4 darts (curare)
Press: ? - help, Q - select action, (/) - cycle Shift-Dir - straight line, f/p - iguana
Aim: an iguana (heavily wounded, 65% to hit)
You throw a curare-tipped dart.
The curare-tipped dart barely misses the iguana.
The iguana bites you!
You die...

.# #.##..#......##............'.
.#######.####..#.#.............##
.....#≈...○#...#.'...).........#
.....#.....#.#.#.#.............#
........_....#.#.#..#..........#
.....#.....#.#...#.)#..........#
.....#○...○#..(..#..#.###......##
.....###.###.##l.#..#.# ####.....
.........# #.###@#..#.# #....##
........## #.# ###..#.# #......
........# #.#####..#.# #.##.#.
'######.####.....#..#.# #.y....
..# #.#......#.#..#.# ####<.# ..#
#.'......#.<..#.########### ..#
###......#.(............... ..#
#######)#..#.#.########### ..#
#..........#.#.# #


You could see an iguana.

Vanquished Creatures
  Menkaure (D:5)
  Edmund (D:4)
  An ogre (D:4)
  A water moccasin zombie (D:5)
  A water moccasin skeleton (D:5)
  3 killer bees
  An orc priest (D:3)
  An iguana (D:5)
  Terence (D:3)
  Natasha (thrice) (D:2)
  An orc wizard (D:5)
  A hound skeleton (D:4)
  8 gnolls
  3 adders (D:2)
  5 dart slugs
  10 orcs
  5 bats
  4 endoplasms
  3 giant cockroaches
  4 goblins
  7 hobgoblins
  7 jackals
  7 kobolds
  5 quokkas
  9 ball pythons
  3 frilled lizards
  A rat (D:1)
97 creatures vanquished.

Vanquished Creatures (others)
  2 demonic plants (D:1)
2 creatures vanquished.

Grand Total: 99 creatures vanquished

Notes
Turn   | Place    | Note
-------+----------+-------------------------------------------
     0 | D:1      | flotson the Demonspawn Gladiator began the quest for the
                  | Orb.
     0 | D:1      | Reached XP level 1. HP: 16/16 MP: 1/1
   177 | D:1      | Gained mutation: You are partially covered in thin metallic
                  | scales. (AC +2) [demonic ancestry]
   177 | D:1      | Reached XP level 2. HP: 16/22 MP: 2/2
   467 | D:1      | Found a faded altar of an unknown god.
   467 | D:1      | Noticed a hellion
   486 | D:1      | Prayed at the altar of an unknown god.
   486 | D:1      | Became a worshipper of Trog the Wrathful
   486 | D:1      | Reached * piety under Trog
   536 | D:1      | Found Tomimios's Book Shop.
  1061 | D:2      | Gained mutation: You are mostly covered in thin metallic
                  | scales. (AC +3) [demonic ancestry]
  1061 | D:2      | Reached XP level 3. HP: 28/28 MP: 3/3
  1568 | D:2      | Reached XP level 4. HP: 25/34 MP: 4/4
  1668 | D:2      | Reached skill level 1 in Armour
  1750 | D:2      | Found an iron altar of Okawaru.
  1864 | D:2      | Reached ** piety under Trog
  2035 | D:2      | Noticed Natasha
  2048 | D:2      | Killed Natasha
  2049 | D:2      | Gained mutation: You have a pair of small horns on your
                  | head. [demonic ancestry]
  2049 | D:2      | Reached XP level 5. HP: 20/41 MP: 5/5
  2311 | D:2      | Noticed Natasha
  2316 | D:2      | Killed Natasha
  2328 | D:2      | Noticed Natasha
  2332 | D:2      | Killed Natasha
  2429 | D:3      | Found a hide-covered altar of Uskayaw.
  2632 | D:3      | Reached XP level 6. HP: 30/47 MP: 6/6
  2817 | D:3      | Noticed Terence
  2833 | D:3      | Killed Terence
  3162 | D:3      | Gained mutation: Your flesh is heat resistant. (rF+)
                  | [potion of mutation]
  3162 | D:3      | Gained mutation: Your muscles are strong. (Str +2) [potion
                  | of mutation]
  3490 | D:4      | Noticed Edmund
  3502 | D:3      | Reached skill level 1 in Axes
  3680 | D:4      | Killed Edmund
  3726 | D:4      | Reached XP level 7. HP: 39/53 MP: 7/7
  3903 | D:4      | Found a stormy altar of Qazlal.
  4017 | D:4      | Found a shimmering altar of Xom.
  4356 | D:5      | Entered Level 5 of the Dungeon
  4367 | D:5      | Noticed Menkaure
  4376 | D:5      | Killed Menkaure
  4450 | D:5      | Reached *** piety under Trog
  4520 | D:4      | Slain by an iguana

Illustrated notes

Levels and vault maps discovered:
D:1:      eino_arrival_cavern_a, layout_basic,
          dreamdust_ecumenical_altar_sealed_demon, serial_shops, shop_fountains
D:2:      layout_basic, basic_altar, uniq_natasha
D:3:      layout_rooms, overflow_temple_1_default, uniq_terence
D:4:      layout_basic, grunt_qazlal_clouds, mainiacjoe_overflow_catwalk,
          uniq_edmund
D:5:      layout_layer_cave, nzn_wu_jian_council_hall,
          minmay_temple_entry_large_hall, serial_shops, shop, uniq_menkaure

Skill      XL: |  1  2  3  4  5  6  7 |
---------------+----------------------+-----
Throwing       | 2 3 4 |  4.0
Maces & Flails | 3 |  3.6
Dodging        | 3 4 |  4.4
Armour         | 1 2 3 |  3.1
Fighting       | 3 4 |  4.4
Axes           | 1 2 |  2.4

Action                   |  1- 3 |  4- 6 |  7- 9 || total
-------------------------+-------+-------+-------++-------
Melee: Flail             |    51 |       |       ||    51
       Great mace        |    53 |    49 |       ||   102
       Hand axe          |       |    82 |    71 ||   153
       Headbutt          |       |     8 |    16 ||    24
Throw: Throwing net      |     1 |     1 |     1 ||     3
       Dart              |       |       |     1 ||     1
Invok: Berserk           |       |     1 |     1 ||     2
  Use: Potion            |       |     5 |       ||     5
Armor: Scale mail        |    70 |   120 |       ||   190
       Chain mail        |       |     3 |    56 ||    59
Dodge: Dodged            |    68 |   138 |    37 ||   243

Table legend: (Time is in decaauts)
 A = Elapsed time spent in this place.
 B = Non-inter-level travel time spent in this place.
 C = Inter-level travel time spent in this place.
 D = Time resting spent in this place.
 E = Time spent auto-exploring this place.
 F = Levels seen in this place.
 G = Mean time per level.
                   A        B        C        D        E       F      G
               +--------+--------+--------+--------+--------+-----+--------+
         Total |   4611 |   4480 |    131 |    442 |   3038 |   5 |  922.2 |
       Dungeon |   4611 |   4480 |    131 |    442 |   3038 |   5 |  922.2 |
               +--------+--------+--------+--------+--------+-----+--------+

Top non-repeatable levels by time:
     D:2: 1441 daAuts
     D:3: 1124 daAuts
     D:1: 1068 daAuts
     D:4: 814 daAuts
     D:5: 162 daAuts
